 Dungeon Crawl Stone Soup version 0.22-a0-348-gd16d1391c7 (webtiles) character file.

187 Fandomethor the Covert (level 5, -8/35 HPs)
             Began as a Vampire Enchanter on Apr 8, 2018.
             Mangled by a gnoll
             ... wielding a +0 spear
              (9 damage)
             ... on level 3 of the Dungeon.
             The game lasted 00:19:50 (3615 turns).

Fandomethor the Covert (Vampire Enchanter)          Turns: 3615, Time: 00:19:51

Health: -8/35      AC:  4    Str:  9    XL:     5   Next: 39%
Magic:  8/8        EV: 13    Int: 17    God:
Gold:   175        SH:  0    Dex: 16    Spells: 5/8 levels left

rFire    . . .     SeeInvis +   o - +2 dagger (pain)
rCold    + . .     Gourm    .   (no shield)
rNeg     + + .     Faith    .   b - +0 robe
rPois    +         Spirit   .   e - +0 helmet
rElec    .         Reflect  .   i - +0 cloak
rCorr    .         Harm     .   (no gloves)
MR       .....                  (no boots)
Stlth    +++++.....             (no amulet)
HPRegen  0.05/turn              (no ring)
MPRegen  0.11/turn              (no ring)

@: regenerating slowly
A: fangs 3, see invisible, sense surroundings 1, strong 1, unbreathing, sturdy
frame 1
a: Bat Form


You were on level 3 of the Dungeon.
You were very thirsty.

You visited 1 branch of the dungeon, and saw 4 of its levels.

You collected 175 gold pieces.

Inventory:

Hand Weapons
 a - a +2 dagger
 o - a +2 dagger of pain (weapon)
Armour
 b - a +0 robe (worn)
 e - a +0 helmet (worn)
 i - a +0 cloak (worn)
 m - a +0 leather armour
Scrolls
 c - a scroll of remove curse
 f - a scroll of teleportation
 g - a scroll of identify
Potions
 d - 10 potions of blood


   Skills:
 + Level 2.1 Short Blades
 + Level 2.3 Dodging
 + Level 8.5 Stealth
 - Level 2.0 Spellcasting
 - Level 5.0 Hexes
 + Level 0.3 Ice Magic


You had 5 spell levels left.
You knew the following spells:

 Your Spells              Type           Power        Failure   Level  Hunger
a - Corona                Hex            ###....      2%          1    #......
b - Ensorcelled Hibernat  Hex/Ice        ##....       10%         2    ###....


Dungeon Overview and Level Annotations

Branches:
Dungeon (4/15)
 Temple: D:4-7

Altars:
Elyvilon

Annotations:
D:4 exclusions: 2 ogres and orc wizard, dcsswall's ghost, amateur DrAE


Innate Abilities, Weirdness & Mutations

You heal slowly.
You have razor-sharp teeth.
You have supernaturally acute eyesight. (SInv)
You can survive without breathing.
You passively map a small area around you.
Your muscles are strong. (Str +2)
Your movements are slightly less encumbered by armour. (ER -2)


Message History

* * * LOW HITPOINT WARNING * * *
The jackal closely misses you. The jackal bites you.
* * * LOW HITPOINT WARNING * * *
The jackal misses you. The jackal bites you.
* * * LOW HITPOINT WARNING * * *
It was a potion of mutation.
You feel extremely strange.
You feel a strange attunement to the structure of the dungeons.
You feel stronger.
You feel less encumbered by your armour.
The jackal barely misses you.
The gnoll hits you from afar with a spear.
* * * LOW HITPOINT WARNING * * *
An ogre comes into view. It is wielding a giant spiked club.
As you read the scroll labeled TAFYAR HEFAGG, it crumbles to dust.
You feel aware of your surroundings.
It was a scroll of magic mapping.
The jackal stops glowing.
The jackal misses you.
The gnoll hits you from afar with a spear!
You die...

##.# #(# ##..#####
###.#
........######...######
####..................#
###..####..###...######
....######......##
#####.........#g##
#.######g##.h# ##.#
#.###@### #..# #.#
#...# ####.## #.#
###.### #....#
#.#####.<.##### ..####
#.##..........# .####
##.##......gO..# ....##
#..##>.........#
###..##
#.###..........#
####..# #.#
#..........#


You could see an ogre (wandering), 2 gnolls and a jackal.

Vanquished Creatures
  A gnoll shaman (D:3)
  3 adders
  5 gnolls (D:3)
  3 oozes
  An adder skeleton (D:4)
  2 dart slugs
  4 bats
  4 giant cockroaches
  8 goblins
  3 hobgoblins
  16 jackals
  3 quokkas
  4 frilled lizards
  2 kobolds
  3 rats
62 creatures vanquished.

Notes
Turn   | Place    | Note
-------+----------+-------------------------------------------
     0 | D:1      | Fandomethor the Vampire Enchanter began the quest for the Orb.
     0 | D:1      | Reached XP level 1. HP: 13/13 MP: 3/3
   108 | D:1      | Reached skill level 5 in Stealth
   120 | D:1      | Reached XP level 2. HP: 15/19 MP: 5/5
   576 | D:1      | Learned a level 2 spell: Ensorcelled Hibernation
   857 | D:2      | Reached XP level 3. HP: 14/24 MP: 6/6
   985 | D:2      | Reached skill level 6 in Stealth
  1620 | D:4      | HP: 1/24 [gnoll/club (9)]
  1638 | D:4      | Noticed dcsswall's ghost (amateur DrAE)
  1679 | D:4      | Noticed an ogre
  1750 | D:4      | Noticed an ogre
  1869 | D:3      | Reached XP level 4. HP: 16/30 MP: 7/7
  1876 | D:3      | Found a white marble altar of Elyvilon.
  1915 | D:3      | Reached skill level 5 in Hexes
  1985 | D:3      | Reached skill level 7 in Stealth
  2361 | D:3      | Reached skill level 8 in Stealth
  2361 | D:3      | Reached XP level 5. HP: 16/35 MP: 1/8
  3614 | D:3      | Gained mutation: You passively map a small area around you. [potion of mutation]
  3614 | D:3      | Gained mutation: Your muscles are strong. (Str +2) [potion of mutation]
  3614 | D:3      | Gained mutation: Your movements are slightly less encumbered by armour. (ER -2) [potion of mutation]
  3614 | D:3      | HP: 1/35 [gnoll/spear (5)]
  3615 | D:3      | Noticed an ogre
  3615 | D:3      | Mangled by a gnoll

Vault maps used:
D:1:      dpeg_arrival_short_road
D:3:      lemuel_castle_with_subvaults, elyvilon_altar_1
D:4:      gammafunk_temple_overflow_wave

Skill      XL: |  1  2  3  4 |
---------------+-------------+-----
Stealth        | 5 6 8 |  8.5
Short Blades   | 2 |  2.1
Hexes          | 5 |  5.0
Dodging        | |  2.3
Spellcasting   | |  2.0
Ice Magic      | |  0.3

Action                   |  1- 3 |  4- 6 || total
-------------------------+-------+-------++-------
Melee: Dagger            |   127 |   104 ||   231
       Bite              |     9 |     9 ||    18
 Cast: Corona            |    16 |    17 ||    33
       Ensorcelled Hiber |       |    10 ||    10
  Use: Scroll            |     5 |     1 ||     6
       Potion            |     2 |     8 ||    10
 Stab: Sleeping          |    15 |     6 ||    21
       Invisible         |       |     2 ||     2
Armor: Robe              |    20 |    28 ||    48
Dodge: Dodged            |    84 |    85 ||   169

Table legend:
 A = Spawn XP
 B = Non-spawn XP
 C = Spawn XP percentage of total XP
 D = Spawn monster count
 E = Non-spawn monster count
 F = Spawn count percentage of total count
 G = Total turns spent on level
                    A         B        C        D         E        F      G
               +---------+---------+-------+---------+---------+-------+---------
         Total |       0 |     268 |   0.0 |       0 |      62 |   0.0 |  3615
               +---------+---------+-------+---------+---------+-------+---------
           D:1 |       0 |      30 |   0.0 |       0 |      17 |   0.0 |   610
           D:2 |       0 |      39 |   0.0 |       0 |      11 |   0.0 |  1529
           D:3 |       0 |     180 |   0.0 |       0 |      27 |   0.0 |  1216
           D:4 |       0 |      19 |   0.0 |       0 |       7 |   0.0 |   260
               +---------+---------+-------+---------+---------+-------+---------
